 Dungeon Crawl Stone Soup version 0.18-a0-1273-g8ec5f8e (webtiles) character file.

14109 Lathuz the Peltast (level 11, 0/88 HPs)
             Began as a Minotaur Fighter on Feb 7, 2016.
             Was a High Priest of Okawaru.
             Slain by Fury's ghost (6 damage)
             ... on level 2 of the Lair of Beasts.
             The game lasted 00:29:21 (11564 turns).

Lathuz the Peltast (Minotaur Fighter)              Turns: 11564, Time: 00:29:21

Health: 0/88       AC: 16    Str: 21    XL:     11   Next: 84%
Magic:  10/10      EV:  6    Int:  5    God:    Okawaru [*****.]
Gold:   725        SH: 14    Dex: 13    Spells: 0 memorised, 10 levels left

rFire  + . .     SeeInvis .     K - +0 flail (drain)
rCold  . . .     Gourm    .     t - +0 plate armour
rNeg   . . .     Faith    .     c - +0 shield
rPois  .         Spirit   .     s - +2 hat
rElec  .         Dismiss  +     O - +1 cloak {+Inv}
rCorr  .         Reflect  .     (no gloves)
SustAt .         Harm     .     (no boots)
MR     .....                    R - amulet of dismissal
Stlth  ..........               b - ring of protection from cold
                                G - ring of fire

@: not resistant to hostile enchantments, extremely unstealthy
A: retaliatory headbutt, horns 2
a: Heroism, Finesse, Renounce Religion, Evoke Invisibility


You were on level 2 of the Lair of Beasts.
You worshipped Okawaru.
Okawaru was extremely pleased with you.
You were not hungry.

You visited 2 branches of the dungeon, and saw 11 of its levels.

You collected 725 gold pieces.

Inventory:

Hand Weapons
 a - a +1 flail
 K - a +0 flail of draining (weapon)
 T - the +5 eveningstar of Distraction {crush, +Fly rC+ Dex-2 Stlth+}
   (Okawaru gifted it to you on level 2 of the Lair of Beasts)

   It inflicts extra damage upon your enemies.
   It affects your dexterity (-2).
   It protects you from cold.
   It lets you fly.
   It makes you more stealthy.
Missiles
 e - 316 stones (quivered)
 L - 8 poisoned javelins
Armour
 c - a +0 shield (worn)
 s - a +2 hat (worn)
 t - a +0 plate armour (worn)
 O - a +1 cloak of invisibility (worn)
Jewellery
 b - a ring of protection from cold (right hand)
 m - an uncursed ring of wizardry
 A - an uncursed ring of ice
 G - a ring of fire (left hand)
 R - an amulet of dismissal (around neck)
Wands
 E - a wand of polymorph (8/24)
 I - a wand of iceblast (10/15)
 N - a wand of disintegration (8/24)
Scrolls
 i - 6 scrolls of remove curse
 j - a scroll of fog
 l - a scroll of immolation
 n - 2 scrolls of magic mapping
 p - a scroll of enchant weapon
 q - a scroll of enchant armour
 v - 2 scrolls of identify
 w - 3 scrolls of fear {unknown}
 y - a scroll of amnesia {unknown}
 B - a scroll of recharging {unknown}
 D - a scroll of noise {unknown}
 J - 2 scrolls of teleportation {unknown}
Potions
 d - 2 potions of might
 h - 3 potions of lignification
 r - a potion of ambrosia {unknown}
 x - a potion of resistance {unknown}
 C - a potion of flight {unknown}
 H - a potion of mutation {unknown}
 Q - a potion of agility
Books
 z - a book of the Warp

   Spells                             Type                      Level
   a - Recall                         Summoning/Translocation      3
   b - Gell's Gravitas                Hexes/Translocation          3
   c - Force Lance                    Conjuration/Translocation    4
   d - Phase Shift                    Translocation                5
   e - Warp Weapon                    Charms/Translocation         5
   f - Summon Forest                  Summoning/Translocation      5
 F - a book of Party Tricks

   Spells                             Type                      Level
   a - Summon Butterflies             Summoning                    1
   b - Apportation                    Translocation                1
   c - Tukima's Dance                 Hexes                        3
   d - Alistair's Intoxication        Transmutation/Poison         5
   e - Invisibility                   Hexes                        6
 P - a book of Summonings

   Spells                             Type                      Level
   a - Recall                         Summoning/Translocation      3
   b - Aura of Abjuration             Summoning                    5
   c - Summon Demon                   Summoning                    5
   d - Summon Forest                  Summoning/Translocation      5
   e - Summon Mana Viper              Hexes/Summoning              5
   f - Shadow Creatures               Summoning                    6
Comestibles
 f - 7 bread rations
 g - 3 slices of pizza
 k - 4 fruits
 u - 5 meat rations
 S - 2 chunks of flesh


   Skills:
 + Level 5.3 Fighting
 - Level 15.2 Maces & Flails
 + Level 5.2 Armour
 - Level 15.3 Shields


You had 10 spell levels left.
You didn't know any spells.

Dungeon Overview and Level Annotations

Branches:
Dungeon (9/15)             Temple (0/1) D:7            Lair (2/8) D:8
    Orc: D:9-12

Altars:
Ashenzari
Cheibriados
Elyvilon
Fedhas
Makhleb
Okawaru
Ru
Xom
Zin

Annotations:
Lair:2 Fury's ghost, journeyman DsFi


Innate Abilities, Weirdness & Mutations

You reflexively headbutt those who attack you in melee.
You have a pair of horns on your head.


Message History

Fury's ghost is moderately damaged.
You block Fury's ghost's attack.
You hit Fury's ghost but do no damage.
Fury's ghost is moderately damaged.
You hit Fury's ghost but do no damage. Your headbutt misses Fury's ghost.
Fury's ghost is moderately damaged.
Fury's ghost barely misses you. You furiously retaliate!
You headbutt Fury's ghost, but do no damage.
You closely miss Fury's ghost. Your headbutt misses Fury's ghost.
Fury's ghost is moderately damaged.
Fury's ghost hits you but does no damage.
You hit Fury's ghost but do no damage.
Fury's ghost is moderately damaged.
You hit Fury's ghost but do no damage. Your headbutt misses Fury's ghost.
Fury's ghost is moderately damaged.
Fury's ghost hits you but does no damage.
You closely miss Fury's ghost.
Fury's ghost is moderately damaged.
Fury's ghost hits you.
You die...

.(.....### ..........###
.............
............####
..............#.#
................##
.................#
...........W......##
#P.......#.#@.......
##........###.......#####
#.........# ...........
#........## #.........
#.......# #.......#####
#.......# ##......##.#
##......## #........##
.........# #.........##
###........###
#####...........


You could see Fury's ghost.

Vanquished Creatures
  A hydra (Lair:1)
  Urug (D:8)
  2 hill giants (D:8)
  An orc knight (D:8)
  Pikel (D:5)
  A griffon (D:8)
  An ugly thing (D:7)
  Joseph (D:7)
  8 spiny frogs
  A komodo dragon (Lair:1)
  A troll (shapeshifter) (D:8)
  5 blink frogs
  2 two-headed ogres (D:8)
  Sigmund (D:4)
  A wyvern (D:8)
  A basilisk (Lair:1)
  3 yaks (Lair:1)
  9 wolves
  Edmund (D:4)
  3 water moccasins
  2 porcupines
  A black bear (D:8)
  A slave (D:5)
  A sky beast (D:4)
  An ice beast (D:7)
  An orc warrior (D:6)
  3 phantoms
  A wasp (D:8)
  A necrophage (D:8)
  4 ogres
  A centaur (D:8)
  3 crocodiles
  Blork the orc (D:5)
  3 giant frogs
  A scorpion (D:5)
  6 killer bees (D:8)
  6 crimson imps
  A quasit (D:8)
  4 jellies
  4 orc priests
  A giant frog skeleton (D:8)
  5 hounds
  Crazy Yiuf (D:4)
  A centaur skeleton (D:5)
  Jessica (D:3)
  3 iguanas (Lair:1)
  5 orc wizards
  2 worker ants
  4 sheep (Lair:1)
  A hound skeleton (D:5)
  10 river rats (Lair:1)
  7 adders
  A shadow imp (D:5)
  2 oozes
  2 adder skeletons
  A worm (D:2)
  2 giant geckos
  20 orcs
  6 giant cockroaches
  10 goblins
  7 hobgoblins
  9 jackals
  7 kobolds
  3 quokkas
  9 bats
  5 giant newts
  9 rats
  A fungus (D:8)
226 creatures vanquished.

Vanquished Creatures (others)
  4 fungi
  2 plants (D:8)
6 creatures vanquished.

Grand Total: 232 creatures vanquished

Notes
Turn   | Place    | Note
--------------------------------------------------------------
     0 | D:1      | Lathuz the Minotaur Fighter began the quest for the Orb.
     0 | D:1      | Reached XP level 1. HP: 19/19 MP: 0/0
   190 | D:1      | Reached XP level 2. HP: 23/26 MP: 1/1
   299 | D:1      | Reached skill level 4 in Maces & Flails
   494 | D:1      | Reached XP level 3. HP: 28/31 MP: 2/2
   988 | D:2      | Found an iron altar of Okawaru.
  1004 | D:2      | Reached skill level 5 in Maces & Flails
  1026 | D:2      | Became a worshipper of Warmaster Okawaru
  1067 | D:2      | Reached XP level 4. HP: 39/39 MP: 3/3
  1541 | D:3      | Found a faded altar to an unknown god.
  1553 | D:3      | Noticed Jessica
  1586 | D:3      | Killed Jessica
  2147 | D:3      | Reached XP level 5. HP: 13/45 MP: 4/4
  2239 | D:3      | Reached skill level 6 in Maces & Flails
  2441 | D:3      | Found a blossoming altar of Fedhas.
  2648 | D:4      | Reached skill level 5 in Shields
  2693 | D:4      | Found a shimmering altar of Xom.
  2743 | D:4      | Noticed Edmund
  2764 | D:4      | Killed Edmund
  2764 | D:4      | Reached * piety under Okawaru
  2764 | D:4      | Reached XP level 6. HP: 35/51 MP: 5/5
  2911 | D:4      | Noticed Sigmund
  2920 | D:4      | Killed Sigmund
  2920 | D:4      | Reached skill level 7 in Maces & Flails
  3049 | D:4      | Reached XP level 7. HP: 54/57 MP: 6/6
  3264 | D:4      | Noticed Crazy Yiuf
  3274 | D:4      | Killed Crazy Yiuf
  3445 | D:4      | Reached ** piety under Okawaru
  3449 | D:5      | Entered Level 5 of the Dungeon
  3479 | D:4      | Reached skill level 8 in Maces & Flails
  3644 | D:5      | Noticed Blork the orc
  3652 | D:5      | Killed Blork the orc
  3836 | D:5      | Noticed Pikel
  4025 | D:5      | Reached skill level 9 in Maces & Flails
  4025 | D:5      | Reached XP level 8. HP: 55/64 MP: 7/7
  4054 | D:5      | Killed Pikel
  4054 | D:5      | Reached *** piety under Okawaru
  4484 | D:6      | Reached skill level 10 in Maces & Flails
  4762 | D:7      | Noticed Joseph
  5345 | D:7      | Found a staircase to the Ecumenical Temple.
  5367 | D:7      | Killed Joseph
  5367 | D:7      | Reached skill level 10 in Shields
  5367 | D:7      | Reached XP level 9. HP: 54/70 MP: 5/8
  5429 | D:7      | Found a sacrificial altar of Ru.
  5429 | D:7      | Found a shattered altar of Ashenzari.
  5455 | D:7      | Found a white marble altar of Elyvilon.
  5564 | D:7      | Reached skill level 11 in Maces & Flails
  6209 | D:8      | Reached **** piety under Okawaru
  6272 | D:8      | Found a burning altar of Makhleb.
  6272 | D:8      | Noticed an Executioner
  6275 | D:8      | Noticed an orange demon
  6275 | D:8      | Noticed a hellwing
  6297 | D:8      | Found a snail-covered altar of Cheibriados.
  6461 | D:8      | Reached skill level 12 in Maces & Flails
  6472 | D:8      | Noticed a hill giant
  6476 | D:8      | Noticed a griffon
  6500 | D:8      | Killed a griffon
  6500 | D:8      | Reached ***** piety under Okawaru
  6508 | D:8      | Received a gift from Okawaru
  6522 | D:8      | Killed a hill giant
  6522 | D:8      | Reached XP level 10. HP: 16/76 MP: 9/9
  6842 | D:8      | Noticed an orc knight
  6869 | D:8      | Killed an orc knight
  6869 | D:8      | Reached skill level 13 in Maces & Flails
  6883 | D:8      | Noticed a hill giant
  6887 | D:8      | Noticed a red ugly thing
  7005 | D:8      | Killed a hill giant
  7034 | D:7      | Killed a red ugly thing
  7351 | D:8      | Found a glowing silver altar of Zin.
  7521 | D:8      | Found a staircase to the Lair.
  7532 | D:8      | Received a gift from Okawaru
  8106 | Lair:1   | Entered Level 1 of the Lair of Beasts
  8210 | Lair:1   | Reached skill level 14 in Maces & Flails
  8505 | Lair:1   | Noticed Urug
  8585 | D:8      | Reached XP level 11. HP: 47/81 MP: 10/10
  8961 | D:8      | Killed Urug
  9781 | Lair:1   | Noticed an eight-headed hydra
  9793 | Lair:1   | Killed an eight-headed hydra
  9793 | Lair:1   | Reached skill level 15 in Maces & Flails
 10602 | Lair:2   | Noticed Fury's ghost (journeyman DsFi)
 10622 | Lair:1   | Reached skill level 15 in Shields
 11153 | Lair:2   | Received a gift from Okawaru
 11200 | Lair:2   | Got an ancient eveningstar {god gift}
 11359 | Lair:2   | Identified the +5 eveningstar of Distraction {crush, +Fly rC+ Dex-2 Stlth+} (Okawaru gifted it to you on level 2 of the Lair of Beasts)
 11393 | Lair:2   | Reached skill level 5 in Fighting
 11393 | Lair:2   | Reached skill level 5 in Armour
 11564 | Lair:2   | Slain by Fury's ghost

Vault maps used:
D:1:      roderic_dead_forest
D:2:      okawaru_altar_gauntlet_db, first_bread
D:3:      fedhas_altar_fruit_tree, ecumenical_altar_1, uniq_jessica
D:4:      kennysheep_mini, uniq_sigmund, uniq_edmund, uniq_crazy_yiuf_cottage
D:5:      kennysheep_generic_room_13, uniq_blork_the_orc, uniq_pikel
D:7:      nicolae_overflow_crystal_walls, amethyst_overflow_temple_binary,
          minmay_temple_entry_purple_smoke, kennysheep_cross_bottleneck,
          uniq_joseph
D:8:      hangedman_cross_veins, makhleb_altar_promises_db, zin_treasury,
          cheibriados_altar_1, dpeg_oklobed_lair
D:9:      nicolae_gozag_cash_rules_everything_around_me
Lair:1:   uniq_urug
Lair:2:   beast_lair_carwin_10, uniq_nergalle

Action                   |  1- 3 |  4- 6 |  7- 9 | 10-12 || total
-------------------------+-------+-------+-------+-------++-------
Melee: Flail             |    88 |   141 |   317 |   562 ||  1108
Throw: Stone             |       |     3 |       |       ||     3
Invok: Heroism           |       |       |     5 |     4 ||     9
       Finesse           |       |       |       |     2 ||     2
  Use: Scroll            |       |       |     8 |     2 ||    10
       Potion            |       |       |       |     3 ||     3
  Eat: Chunk             |     1 |     6 |    10 |    13 ||    30
       Fruit             |       |       |     1 |     2 ||     3
       Beef jerky        |       |       |       |     2 ||     2
